 Dungeon Crawl Stone Soup version 0.19.1-1-g22dce08 (webtiles) character file.

74 empire the Insei (level 4, -1/29 HPs)
             Began as an Octopode Transmuter on Jan 4, 2017.
             Slain by Terence
             ... wielding a +0 flail
              (11 damage)
             ... on level 2 of the Dungeon.
             The game lasted 00:03:20 (1544 turns).

empire the Insei (Octopode Transmuter)              Turns: 1544, Time: 00:03:20

Health: -1/29      AC:  1    Str:  9    XL:     4   Next: 28%
Magic:  7/7        EV: 14    Int: 15    God:
Gold:   64         SH:  0    Dex: 13    Spells: 3 memorised, 1 level left

rFire  . . .     SeeInvis .       - Unarmed
rCold  . . .     Gourm    .     (no shield)
rNeg   . . .     Faith    .     (helmet restricted)
rPois  .         Spirit   .     (no amulet)
rElec  .         Reflect  .     (no ring)
rCorr  .         Harm     .     (no ring)
MR     .....                    (no ring)
Stlth  ++........               (no ring)
                                (no ring)
                                (no ring)
                                (no ring)
                                (no ring)

@: appendage (expiring)
A: almost no armour, stealthy swim, amphibious, 8 rings, constrict 8, tentacle
spike 3, camouflage 1, gelatinous body 1
a: End Transformation


You were on level 2 of the Dungeon.
You were not hungry.
One of your tentacles had a temporary spike.
You visited 1 branch of the dungeon, and saw 2 of its levels.

You collected 64 gold pieces.

Inventory:

Hand Weapons
 b - a cursed -3 short sword
Missiles
 a - 17 poisoned needles
 d - 17 bolts
 w - 12 arrows
Scrolls
 f - a scroll of remove curse
 i - a scroll of fog
 k - a scroll of magic mapping {unknown}
Potions
 h - a potion of lignification {unknown}
Books
 e - a book of Changes

   Spells                             Type                      Level
   a - Beastly Appendage              Transmutation                1
   b - Sticks to Snakes               Transmutation                2
   c - Spider Form                    Transmutation/Poison         3
   d - Ice Form                       Ice/Transmutation            4
   e - Blade Hands                    Transmutation                5
Comestibles
 c - 3 bread rations
 j - 2 chunks of flesh


   Skills:
 + Level 2.1 Fighting
 + Level 2.4 Dodging
 + Level 3.7 Unarmed Combat
 + Level 2.3 Spellcasting
 + Level 2.4 Transmutations


You had one spell level left.
You knew the following spells:

 Your Spells              Type           Power        Failure   Level  Hunger
a - Beastly Appendage     Tmut           #.....       10%         1    #......
b - Sticks to Snakes      Tmut           #.......     12%         2    ###....
c - Spider Form           Tmut/Pois      #.........   43%         3    ###....


Dungeon Overview and Level Annotations

Branches:
Dungeon (2/15)

Altars:

Annotations:
D:2 Sigmund, Terence


Innate Abilities, Weirdness & Mutations

You cannot wear most types of armour.
You are very stealthy in the water. (Stealth+)
You are amphibious.
You can wear up to eight rings at the same time.
You can use your tentacles to constrict eight enemies at once.
Your skin changes colour to match your surroundings (Stealth+).
Your rubbery body absorbs attacks. (AC +1, EV +1)
One of your tentacles bears a large vicious spike.


Message History

Terence hits you with a flail.
* * * LOW HITPOINT WARNING * * *
You barely miss Terence.
Terence is moderately wounded.
You constrict Terence. Terence barely misses you.
You tentacle-slap Terence but do no damage.
Terence is moderately wounded.
Your transformation is almost over.
You constrict Terence.
It was a potion of curing.
You feel better.
You constrict Terence. Terence misses you.
You tentacle-slap Terence but do no damage.
Terence is heavily wounded.
You constrict Terence, but do no damage.
Terence hits you with a flail.
You tentacle-slap Terence.
Terence is heavily wounded.
You constrict Terence, but do no damage.
Terence hits you with a flail!
You die...

##.###########
......@@.....#
##.........#.#
#.#######.#.##
#.#..# #.##.##
#.##..#
#.###.## #$#
#..# ##.#


You could see Terence.

Vanquished Creatures
  Ijyb (D:2)
  2 adders (D:2)
  An ooze (D:1)
  A worm (D:2)
  A dart slug (D:1)
  2 giant cockroaches (D:1)
  2 goblins
  3 hobgoblins
  A ball python (D:2)
  3 bats
  2 kobolds
  4 rats (D:1)
23 creatures vanquished.

Notes
Turn   | Place    | Note
-------+----------+-------------------------------------------
     0 | D:1      | empire the Octopode Transmuter began the quest for the Orb.
     0 | D:1      | Reached XP level 1. HP: 13/13 MP: 3/3
   252 | D:1      | Reached XP level 2. HP: 12/18 MP: 5/5
   932 | D:2      | Noticed Ijyb
   956 | D:2      | Killed Ijyb
   956 | D:2      | Reached XP level 3. HP: 5/23 MP: 3/6
  1205 | D:2      | Learned a level 2 spell: Sticks to Snakes
  1209 | D:2      | Learned a level 3 spell: Spider Form
  1237 | D:2      | Noticed Sigmund
  1361 | D:2      | Reached XP level 4. HP: 18/29 MP: 5/7
  1530 | D:2      | Noticed Terence
  1544 | D:2      | Slain by Terence

Skill      XL: |  1  2  3 |
---------------+----------+-----
Fighting       | 2 |  2.1
Dodging        | |  2.4
Unarmed Combat | |  3.7
Spellcasting   | |  2.3
Transmutations | |  2.4

Action                   |  1- 3 |  4- 6 || total
-------------------------+-------+-------++-------
Melee: Unarmed           |    78 |    11 ||    89
       Constrict         |    17 |     2 ||    19
       Tentacles         |    10 |     2 ||    12
       Punch             |     1 |       ||     1
       Kick              |     8 |     1 ||     9
 Cast: Beastly Appendage |     7 |     2 ||     9
  Use: Scroll            |     3 |       ||     3
       Potion            |       |     1 ||     1
 Stab: Sleeping          |     4 |     2 ||     6
  Eat: Chunk             |     2 |       ||     2
Armor: Skin              |     7 |       ||     7
Dodge: Dodged            |    51 |     6 ||    57
